 Dungeon Crawl Stone Soup version 0.25.0-33-gff14898491 (webtiles) character file.

Game seed: 6296088765113585189

602 Ethylacetat the Covert (level 7, -10/48 HPs)
             Began as an Octopode Assassin on July 7, 2020.
             Killed by divine providence
             ... invoked by an orc priest
              (15 damage)
             ... on level 5 of the Dungeon.
             The game lasted 00:12:02 (4805 turns).

Ethylacetat the Covert (Octopode Assassin)          Turns: 4805, Time: 00:12:03

Health: -10/48     AC:  1    Str: 18    XL:     7   Next: 41%
Magic:  7/7        EV: 13    Int: 16    God:
Gold:   388        SH:  0    Dex: 13    Spells: 6/6 levels left

rFire    . . .     SeeInvis .   a - +2 dagger
rCold    . . .     Gourm    .   (no shield)
rNeg     . . .     Faith    .   (helmet restricted)
rPois    .         Spirit   .   (no amulet)
rElec    .         Reflect  .   p - +6 ring of strength
rCorr    .         Harm     .   (no ring)
MR       .....                  (no ring)
Stlth    +++++.....             (no ring)
HPRegen  0.16/turn              (no ring)
MPRegen  0.10/turn              (no ring)
                                (no ring)
                                (no ring)

@: no status effects
A: almost no armour, stealthy swim, amphibious, 8 rings, constrict 8, tentacle
spike 1, camouflage 1, clever 1, gelatinous body 1
a: no special abilities


You were on level 5 of the Dungeon.
You were near starving.

You visited 2 branches of the dungeon, and saw 6 of its levels.
You also visited: Ossuary.

You collected 388 gold pieces.

Inventory:

Hand Weapons
 a - a +2 dagger (weapon)
Missiles
 b - 8 poisoned darts (quivered)
 c - 2 curare-tipped darts
Jewellery
 p - a +6 ring of strength (left tentacle)
Wands
 l - a wand of polymorph (8)
 o - a wand of paralysis (11)
Scrolls
 f - 2 scrolls of identify {unknown}
 g - a scroll of teleportation {unknown}
 k - 4 scrolls of remove curse {unknown}
 n - 2 scrolls of amnesia {unknown}
 q - a scroll of noise {unknown}
 r - a scroll of random uselessness {unknown}
 s - a scroll of silence {unknown}
 u - a scroll of immolation {unknown}
 v - a scroll of fog {unknown}
Potions
 e - a potion of mutation
 h - a potion of magic
 i - a potion of berserk rage {unknown}
 j - 6 potions of curing
 m - 2 potions of heal wounds
 t - a potion of cancellation
 w - a potion of flight
Comestibles
 d - 6 rations


   Skills:
 + Level 4.2 Fighting
 * Level 5.5 Short Blades
 - Level 2.0 Throwing
 - Level 1.0 Dodging
 + Level 8.1 Stealth


You had 6 spell levels left.
You didn't know any spells.
Your spell library was empty.

Dungeon Overview and Level Annotations

Branches:
Dungeon (5/15)             Temple (1/1) D:5         Ossuary (visited)

Altars:
Ashenzari
Dithmenos
Gozag
Kikubaaqudgha
Qazlal
Ru
Trog
Yredelemnul

Annotations:
D:5 Menkaure


Innate Abilities, Weirdness & Mutations

You cannot wear most types of armour.
You are very stealthy in the water. (Stealth+)
You are amphibious.
You can wear up to eight rings at the same time.
You can use your tentacles to constrict eight enemies at once.
Your skin changes colour to match your surroundings (Stealth+).
Your rubbery body absorbs attacks. (AC +1, EV +1)
One of your tentacles bears a spike.
Your mind is acute. (Int +2)


Message History

The orc priest's wounds heal themselves!
You release your grip on the orc priest.
Menkaure gestures ominously.
Menkaure mumbles some strange words.
Menkaure seems to speed up.
Found a quarterstaff.
The orc priest mumbles some strange prayers to Beogh against you.
Beogh smites you!
The orc priest mumbles some strange prayers to Beogh against you.
Beogh smites you!
The orc priest calls down the wrath of Beogh upon you.
Beogh smites you!
The orc priest calls down the wrath of Beogh upon you.
Beogh smites you!
* * * LOW HITPOINT WARNING * * *
Found 4 gold pieces.
There is a stone staircase leading up here.
The orc priest calls down the wrath of Beogh upon you.
Beogh smites you!
You die...

#..# ##..........>......#
#..# ##......#.........#.#
... .#.......#..⌠...⌠..#.#
......................#
...#.......#........[###
...#.......##.##.##.##
...)................#
.....$.............########
.........#<.....@...#
.........#..........#
##.......#....Z.(...#
#.....#..#..........#
....................#
.......#.##........##
..##......o........#
...#.#.###.#.......####
#..#...###.######.....#


You could see an orc priest and a hound zombie.

Vanquished Creatures
  An ogre (D:4)
  A crimson imp (D:5)
  A bullfrog zombie (D:5)
  A centaur skeleton (D:4)
  A bullfrog skeleton (D:4)
  Crazy Yiuf (D:2)
  A worker ant (D:4)
  3 orc wizards
  9 mummies
  Robin (D:4)
  3 adders
  An ooze (D:3)
  An adder zombie (D:5)
  A worm (D:2)
  3 leopard geckos
  9 orcs
  A ball python (D:2)
  6 bats
  4 giant cockroaches
  A gnoll zombie (Ossuary)
  12 goblins
  10 hobgoblins
  7 kobolds
  3 quokkas
  6 frilled lizards
  3 hobgoblin zombies
  4 kobold zombies (Ossuary)
  2 orc zombies (Ossuary)
  5 rats
102 creatures vanquished.

Notes
Turn   | Place    | Note
-------+----------+-------------------------------------------
     0 | D:1      | Ethylacetat the Octopode Assassin began the quest for the
                  | Orb.
     0 | D:1      | Reached XP level 1. HP: 14/14 MP: 1/1
   148 | D:1      | Reached XP level 2. HP: 19/19 MP: 2/2
   271 | D:1      | Reached skill level 6 in Stealth
   561 | D:1      | Reached XP level 3. HP: 19/24 MP: 3/3
  1076 | D:2      | Found a runed translucent door.
  1077 | D:2      | Noticed Crazy Yiuf
  1086 | D:2      | Killed Crazy Yiuf
  1086 | D:2      | Reached XP level 4. HP: 29/30 MP: 4/4
  1561 | D:3      | Found a shadowy altar of Dithmenos.
  1964 | D:3      | Reached XP level 5. HP: 25/36 MP: 5/5
  2317 | D:4      | Found a sand-covered staircase.
  2322 | Ossuary  | Entered an ossuary
  2378 | Ossuary  | Reached skill level 7 in Stealth
  2676 | Ossuary  | Gained mutation: One of your tentacles bears a spike.
                  | [potion of mutation]
  2676 | Ossuary  | Gained mutation: Your mind is acute. (Int +2) [potion of
                  | mutation]
  2699 | Ossuary  | Reached XP level 6. HP: 3/42 MP: 6/6
  3063 | D:4      | Noticed Robin
  3279 | D:4      | Killed Robin
  3739 | D:4      | Reached skill level 5 in Short Blades
  3739 | D:4      | Reached XP level 7. HP: 47/47 MP: 7/7
  3854 | D:4      | Found an ancient bone altar of Kikubaaqudgha.
  4472 | D:5      | Entered Level 5 of the Dungeon
  4495 | D:5      | Reached skill level 8 in Stealth
  4711 | D:5      | Found a staircase to the Ecumenical Temple.
  4721 | Temple   | Entered the Ecumenical Temple
  4783 | D:5      | Noticed Menkaure
  4805 | D:5      | Killed from afar by an orc priest

Illustrated notes

Levels and vault maps discovered:
D:1:      psy_arrival_basics, layout_basic
D:2:      layout_loops_ring, kennysheep_generic_room_8, uniq_crazy_yiuf_cottage
D:3:      layout_basic, nicolae_dithmenos_shadow_blocks
D:4:      layout_basic, kiku_gazebo_pond_becter, nicolae_ossuary_entry_giza,
          uniq_robin
D:5:      layout_rooms, minmay_temple_entry_large_hall, first_ration,
          uniq_menkaure
Temple:   regret_index_temple_chain_breaker

Skill      XL: |  1  2  3  4  5  6  7 |
---------------+----------------------+-----
Stealth        | 6 7 8 |  8.1
Short Blades   | 3 4 5 |  5.5
Fighting       | 3 4 |  4.2
Throwing       | |  2.0
Dodging        | |  1.0

Action                   |  1- 3 |  4- 6 |  7- 9 || total
-------------------------+-------+-------+-------++-------
Melee: Dagger            |    54 |   132 |    38 ||   224
       Constrict         |    11 |    28 |     9 ||    48
       Tentacles         |     9 |    34 |     9 ||    52
       Kick              |       |    16 |    10 ||    26
  Use: Potion            |       |    10 |       ||    10
 Stab: Sleeping          |    11 |    17 |     1 ||    29
  Eat: Chunk             |       |     5 |     2 ||     7
       Ration            |       |     1 |       ||     1
Armor: Skin              |     2 |     4 |     3 ||     9
Dodge: Dodged            |    19 |    46 |    14 ||    79
